 Dungeon Crawl Stone Soup version 0.30-a0-760-g5a9884bb7c (webtiles) character file.

Game seed: 12734172110171744733

345 boo the Slasher (level 6, -4/55 HPs)
             Began as a Minotaur Fighter on Feb 11, 2023.
             Splashed by a jelly's acid (12 damage)
             ... on level 4 of the Dungeon.
             The game lasted 00:03:16 (2632 turns).

boo the Slasher (Minotaur Fighter)                  Turns: 2632, Time: 00:03:17

Health: -4/55      AC: -7    Str: 22    XL:     6   Next: 32%
Magic:  5/5        EV:  9    Int:  5    God:
Gold:   157        SH:  5    Dex: 10    Spells: 5/5 levels left

rFire   . . .      SeeInvis .    a - +0 long sword
rCold   . . .      Faith    .    c - +0 buckler
rNeg    + . .      Spirit   .    b - +0 scale mail
rPois   .          Reflect  .    (helmet restricted)
rElec   .          Harm     .    g - +0 cloak
rCorr   .          Rampage  .    (no gloves)
Will    .....                    (no boots) Stlth
                                 (no amulet)
HPRegen 0.29/turn                i - ring of positive energy
MPRegen 0.09/turn                (no ring)

@: corroded
A: horns 2, retaliatory headbutt
a: no special abilities


You were on level 4 of the Dungeon.
You visited 1 branch of the dungeon, and saw 4 of its levels.

You collected 157 gold pieces.

Inventory:

Hand Weapons
 a - a +0 long sword (weapon)
 k - the +7 spear of the Incandescent {vamp, rElec rCorr Dex-3}
   (You found it on level 2 of the Dungeon)

   Dex:       It affects your dexterity (-3).
   rElec:     It insulates you from electricity.
   rCorr:     It protects you from acid and corrosion.
Armour
 b - a +0 scale mail (worn)
 c - a +0 buckler (worn)
 g - a +0 cloak (worn)
Jewellery
 i - a ring of positive energy (left hand)
Wands
 n - a wand of flame (21)
Scrolls
 f - 5 scrolls of identify
 m - a scroll of blinking {unknown}
Potions
 d - a potion of might
 e - 2 potions of lignification
 h - a potion of brilliance {unknown}
 j - a potion of cancellation {unknown}
 l - 4 potions of curing {unknown}
 o - a potion of flight {unknown}


   Skills:
 + Level 4.9 Fighting
 * Level 5.4 Long Blades
 + Level 5.1 Armour
 - Level 5.0 Shields


You had 5 spell levels left.
You didn't know any spells.
Your spell library contained the following spells:

 Spells                   Type           Power      Damage    Failure   Level
 Portal Projectile        Hex/Tloc       0%         N/A       99%         3
 Tukima's Dance           Hex            0%         N/A       99%         3
 Blade Hands              Tmut           0%         N/A       100%        5


Dungeon Overview and Level Annotations

Branches:
Dungeon (4/15)
 Temple: D:4-7

Altars:
Xom

Shops:
D:2 =   D:3 *


Innate Abilities, Weirdness & Mutations

You have a pair of horns on your head.
You reflexively headbutt those who attack you in melee.


Message History

Found a shimmering altar of Xom.
Found a shimmering altar of Xom.
There is a fountain of clear blue water here.
You enter the shallow water.
Moving in this stuff is going to be slow.
Found a shimmering altar of Xom.
You now have 144 gold pieces (gained 7).
There is a fountain of clear blue water here.
There is a fountain of clear blue water here.
You enter the shallow water.
Moving in this stuff is going to be slow.
There is a fountain of clear blue water here.
You now have 157 gold pieces (gained 13).
A goblin comes into view. It is wielding a +0 club.
The goblin shouts!
A jelly comes into view.
The goblin barely misses you. You furiously retaliate!
You headbutt the goblin, but do no damage.
You closely miss the goblin. The goblin closely misses you.
You slash the goblin!
You kill the goblin!
Found a book of Burglary.
Found a stone staircase leading up.
You see here a +0 club.
You barely miss the jelly. The jelly hits you but does no damage.
You slash the jelly! The acid corrodes you!
Your hands burn!
The jelly is heavily wounded.
The jelly hits you. The acid corrodes you!
You are splashed with acid!
You hit the jelly.
Your hands burn!
The jelly is heavily wounded.
The jelly hits you.
You are splashed with acid.
You are too injured to fight recklessly!
You are too injured to fight recklessly!
You hit the jelly. The acid corrodes you!
Your hands burn!
The jelly is heavily wounded.
The jelly hits you.
You are splashed with acid!
* * * LOW HITPOINT WARNING * * *
The jelly hits you.
* * * LOW HITPOINT WARNING * * *
The acid corrodes you!
You are splashed with acid!
You die...

...... ....###..##^.♣.
....... #...#...##.^.
....... ##.......##⌠#
<......## ##......>.....
........###....###......
:.......##....## ####...
........#....## ###.
............## ##
.......@...## #
......J...## .........##
........## ........#
........# #........
.....##..


You could see a jelly.

Vanquished Creatures
  A scorpion (D:2)
  2 jellies (D:3)
  An orc priest (D:3)
  Natasha (twice) (D:3)
  6 adders (D:2)
  A worm (D:2)
  A dart slug (D:3)
  5 orcs (D:3)
  5 ball pythons
  2 bats (D:1)
  13 endoplasms
  A giant cockroach (D:2)
  5 goblins
  5 hobgoblins
  2 jackals (D:1)
  5 quokkas
  A frilled lizard (D:3)
  16 kobolds
  7 rats
81 creatures vanquished.

Vanquished Creatures (others)
  A fungus (D:3)
  10 toadstools (D:3)
11 creatures vanquished.

Grand Total: 92 creatures vanquished

Notes
Turn   | Place    | Note
-------+----------+-------------------------------------------
     0 | D:1      | boo the Minotaur Fighter began the quest for the Orb.
     0 | D:1      | Reached XP level 1. HP: 19/19 MP: 0/0
    38 | D:1      | Reached XP level 2. HP: 27/27 MP: 1/1
   513 | D:1      | Reached XP level 3. HP: 33/33 MP: 2/2
   703 | D:2      | Identified the +7 spear of the Incandescent {vamp, rElec
                  | rCorr Dex-3}
   825 | D:2      | Found Miha's Jewellery Emporium.
   939 | D:2      | Reached XP level 4. HP: 32/40 MP: 3/3
  1238 | D:2      | Noticed a scorpion
  1249 | D:2      | Killed a scorpion
  1250 | D:2      | Reached XP level 5. HP: 27/47 MP: 4/4
  1427 | D:3      | Found Kulur's Assorted Antiques.
  1492 | D:3      | Noticed Natasha
  1497 | D:3      | Killed Natasha
  1629 | D:3      | Reached skill level 5 in Long Blades
  1793 | D:3      | Found a faded altar of an unknown god.
  1997 | D:3      | Reached XP level 6. HP: 36/55 MP: 5/5
  1999 | D:3      | Reached skill level 5 in Armour
  2286 | D:3      | Noticed Natasha
  2295 | D:3      | Killed Natasha
  2296 | D:3      | Reached skill level 5 in Shields
  2567 | D:4      | Found a shimmering altar of Xom.
  2568 | D:4      | Found a shimmering altar of Xom.
  2570 | D:4      | Found a shimmering altar of Xom.
  2632 | D:4      | Splashed by a jelly's acid

Illustrated notes

Levels and vault maps discovered:
D:1:      evilmike_arrival_plus, layout_loops_ring, minmay_misc_feat_chi,
          serial_bayou_pond_c
D:2:      layout_basic, serial_shops, nicolae_shop_statue_plus
D:3:      cheibrodos_fertilizer, layout_loops_ring,
          chequers_ecumenical_altar_island, serial_shops,
          nicolae_shop_overgrown_old_shop, uniq_natasha
D:4:      layout_cave_pods, xom_redecorated, minmay_crystal_room

Skill      XL: |  1  2  3  4  5  6 |
---------------+-------------------+-----
Long Blades    | 3 4 5 |  5.4
Fighting       | 4 |  4.9
Armour         | 4 5 |  5.1
Shields        | 4 5 |  5.0

Action                     |  1- 3 |  4- 6 || total
---------------------------+-------+-------++-------
  Melee: Long sword        |    74 |   120 ||   194
         Headbutt          |     6 |    16 ||    22
    Use: Scroll            |     1 |       ||     1
 Armour: Scale mail        |    41 |    47 ||    88
  Dodge: Dodged            |    38 |    36 ||    74
  Block: Buckler           |    22 |    14 ||    36

Table legend: (Time is in decaauts)
 A = Elapsed time spent in this place.
 B = Non-inter-level travel time spent in this place.
 C = Inter-level travel time spent in this place.
 D = Time resting spent in this place.
 E = Time spent auto-exploring this place.
 F = Levels seen in this place.
 G = Mean time per level.
                   A        B        C        D        E       F      G
               +--------+--------+--------+--------+--------+-----+--------+
         Total |   2696 |   2582 |    114 |    479 |   1644 |   4 |  674.0 |
       Dungeon |   2696 |   2582 |    114 |    479 |   1644 |   4 |  674.0 |
               +--------+--------+--------+--------+--------+-----+--------+

Top non-repeatable levels by time:
     D:3: 1157 daAuts
     D:2: 750 daAuts
     D:1: 713 daAuts
     D:4: 74 daAuts
